Map: Shrines of Lizul

Players

alfss - Winner!

  • Race: Protoss Protoss
  • League: Diamond
  • Spawn Location: 6:00

ILIEKEGGPIE - Winner!

  • Race: Protoss Protoss
  • League: Platinum
  • Spawn Location: 9:00

Lyrao

  • Race: Terran Terran
  • Spawn Location: 12:00

eagletwin

  • Race: Zerg Zerg
  • League: Platinum
  • Spawn Location: 3:00

VOD

Have the link to the VOD?

Description

Time

  • Played on: June 2, 2018, 2:51 p.m.
  • Length: 9:57
Show
View Real Time Build Order
Export as new Build Order

alfss Protoss - Winner!

Build Orders:  

Get SALT Encoding   

  1  0:00  Probe  
  13  0:07  Probe  
  14  0:19  Probe  
  15  0:28  Pylon  
  15  0:40  Assimilator  
  15  0:46  Probe  
  16  0:50  Gateway  
  16  0:57  Probe  
  17  1:05  Probe  
  18  1:13  Probe  
  18  1:16  Pylon  
  19  1:25  Probe  
  20  1:38  Cybernetics Core  
  20  1:46  Probe  
  21  1:56  Assimilator  
  21  1:57  Probe  
  22  2:05  Probe  
  22  2:13  Probe  
  24  2:24  Probe  
  24  2:28  Shield Battery  
  25  2:31  Stargate  
  25  2:36  Shield Battery, Probe  
  26  2:38  Shield Battery  
  26  2:45  Shield Battery  
  26  2:48  Probe, Pylon  
  27  2:55  Warp Gate  
  27  3:00  Probe  
  27  3:01  Shield Battery  
  27  3:05  Void Ray  
  32  3:25  Shield Battery  
  32  3:41  Shield Battery  
  32  3:48  Void Ray  
  36  4:04  Shield Battery  
  36  4:11  Shield Battery  
  36  4:17  Shield Battery  
  36  4:23  Pylon  
  36  4:46  Pylon  
  35  5:32  Gateway  
  35  5:35  Gateway  
  35  5:38  Gateway  
  35  5:40  Gateway  
  35  5:44  Pylon  
  35  5:46  Pylon  
  35  7:17  Twilight Council  
  35  7:19  Gateway  
  35  7:21  Stalker x2  
  35  7:22  Stalker x3, Gateway  
  45  7:25  Robotics Facility  
  45  7:27  Pylon  
  45  7:28  Pylon  
  45  7:51  Forge  
  45  7:53  Forge  
  45  8:04  Zealot  
  45  8:05  Zealot x4  
  53  8:08  Nexus  
  53  8:12  Charge  
  55  8:17  Warp Prism  
  57  8:27  Assimilator  
  57  8:30  Assimilator  
  57  8:34  Pylon  
  57  8:37  Pylon  
  53  9:43  Zealot x2  
  53  9:44  Zealot x4  
  53  9:45  Zealot  
Show
View Real Time Build Order
Export as new Build Order

ILIEKEGGPIE Protoss - Winner!

Build Orders:  

Get SALT Encoding   

  12  0:00  Probe  
  13  0:08  Probe  
  14  0:18  Probe, Pylon  
  15  0:36  Probe  
  16  0:45  Gateway  
  16  0:48  Probe  
  17  0:51  Assimilator  
  17  1:00  Probe  
  18  1:07  Gateway  
  18  1:11  Probe  
  18  1:12  Pylon  
  19  1:19  Probe  
  19  1:25  Assimilator  
  20  1:33  Cybernetics Core  
  20  1:37  Probe  
  21  1:49  Probe  
  22  2:00  Stalker  
  22  2:02  Warp Gate  
  22  2:10  Stalker  
  22  2:14  Gateway  
  26  2:21  Probe  
  27  2:32  Stalker  
  27  2:33  Gateway  
  29  2:44  Pylon  
  29  2:53  Gateway  
  29  3:09  Pylon  
  29  3:26  Gateway  
  29  3:51  Shield Battery  
  29  3:55  Shield Battery  
  29  3:56  Pylon  
  22  4:23  Shield Battery  
  22  4:24  Shield Battery, Adept  
  22  4:25  Stalker, Pylon  
  22  4:26  Sentry  
  22  4:27  Zealot x2  
  32  4:32  Stalker  
  34  4:43  Robotics Facility  
  30  5:17  Stalker  
  30  5:18  Stalker x3  
  30  5:21  Stalker  
  38  5:24  Observer  
  39  5:42  Probe  
  40  6:11  Immortal  
  40  6:22  Stalker  
  42  6:56  Pylon  
  42  6:59  Pylon  
  42  7:19  Immortal  
  34  7:30  Stalker x2  
  34  7:31  Stalker x2  
  34  7:32  Stalker  
  34  7:33  Stalker  
  34  7:36  Twilight Council  
  46  7:52  Warp Prism  
  46  7:57  Sentry x3  
  46  7:58  Stalker  
  56  8:20  Stalker x2  
  56  8:21  Stalker  
  48  8:59  Stalker  
  50  9:16  Stalker x2  
  50  9:17  Stalker x2  
  56  9:19  Sentry  
Show
View Real Time Build Order
Export as new Build Order

Lyrao Terran 

Build Orders:  

Get SALT Encoding   

  12  0:02  SCV  
  13  0:14  SCV  
  14  0:23  Supply Depot  
  14  0:28  Refinery  
  14  0:29  SCV  
  15  0:47  Barracks  
  15  0:48  SCV  
  16  1:00  SCV  
  17  1:11  Barracks  
  17  1:13  SCV  
  18  1:25  SCV  
  19  1:31  Barracks  
  19  1:37  SCV  
  20  1:43  Supply Depot  
  20  1:52  Barracks Tech Lab  
  20  1:57  Orbital Command  
  20  2:06  Barracks Tech Lab  
  20  2:08  Refinery  
  20  2:19  Marauder  
  20  2:21  Barracks Tech Lab  
  22  2:25  Marauder  
  24  2:34  Supply Depot  
  24  2:42  Concussive Shells  
  24  2:45  Marauder  
  24  2:49  Marauder  
  28  2:53  Marauder  
  30  3:00  Supply Depot  
  30  3:30  Marauder  
  30  3:31  Marauder x2  
  36  3:52  Engineering Bay  
  36  3:59  Marine x3  
  39  4:17  Marine  
  40  4:25  Marine x2  
  41  4:35  Marine  
  25  4:53  Marine x3  
  23  5:11  Marine x2  
  25  5:21  Missile Turret  
  25  5:26  Missile Turret  
  24  5:47  Missile Turret  
  24  5:49  Hi-Sec Auto Tracking  
  17  6:11  Marine x3  
  20  6:25  Missile Turret  
  16  6:29  Marine x3  
  17  6:47  Marine x2  
  13  7:42  Marine x2  
  15  7:53  Missile Turret  
  15  7:54  Command Center  
  15  7:56  SCV  
  16  8:00  Marine x2  
  18  8:08  SCV  
  19  8:18  Refinery  
  19  8:20  SCV  
  18  8:31  Marauder x2  
  18  8:32  SCV  
  19  9:14  Marine  
Show
View Real Time Build Order
Export as new Build Order

eagletwin Zerg 

Build Orders: Hatch First 

Get SALT Encoding   

  12  0:01  Drone  
  13  0:08  Drone  
  14  0:35  Hatchery  
  14  0:41  Drone  
  14  0:55  Spawning Pool  
  13  0:59  Drone  
  14  1:07  Overlord  
  14  1:25  Drone x3  
  17  1:46  Queen  
  17  1:48  Drone x3  
  22  1:54  Queen  
  22  2:00  Zergling x2  
  25  2:09  Extractor  
  25  2:10  Drone  
  25  2:11  Drone x2  
  27  2:30  Overlord  
  27  2:48  Queen x2  
  31  2:53  Roach Warren  
  30  3:07  Overlord, Drone x2  
  30  3:08  Drone x4  
  30  3:11  Overlord  
  30  3:12  Extractor  
  35  3:29  Zergling x8  
  35  3:30  Zergling x2  
  40  3:38  Roach  
  42  3:43  Roach x2  
  45  3:52  Roach x2  
  45  3:53  Roach  
  51  4:02  Overlord  
  50  4:28  Roach x4  
  58  4:55  Overlord  
  55  5:13  Lair, Drone x3  
  55  5:14  Drone x3  
  48  5:33  Hatchery, Roach x2  
  48  5:35  Extractor  
  50  5:41  Evolution Chamber  
  49  5:49  Roach x2  
  57  5:50  Roach x5  
  55  6:28  Hydralisk Den  
  55  6:29  Roach x2  
  55  6:30  Roach x6  
  52  7:06  Hydralisk x3  
  52  7:07  Hydralisk x3  
  64  7:15  Queen  
  60  7:17  Muscular Augments  
  60  7:29  Hydralisk x2  
  60  7:30  Hydralisk  
  66  7:44  Drone x6  
  69  7:51  Overlord x2  
  72  7:53  Extractor  
  71  8:07  Glial Reconstitution  
  71  8:15  Drone x2  
  73  8:23  Roach x3  
  73  8:24  Roach  
  69  8:43  Roach x5, Hydralisk x2  
  69  8:53  Roach x3  
  69  9:02  Hydralisk x2  
  69  9:08  Hydralisk x2  
  73  9:24  Hydralisk x3  
  73  9:25  Roach  
Tags
 
Add a new tag
Caveats
  • Supply blocks, unpowered buildings, or Contaminate may cause inaccurate times.
  • Supply counts are checked every 10 seconds.